 Dungeon Crawl Stone Soup version 0.18-a0-1078-gebb93d0 (webtiles) character file.

7044 4thArraOfDagon the Nimble (level 11, -15/80 HPs)
             Began as a Merfolk Artificer on Jan 14, 2016.
             Was a Believer of Yredelemnul.
             Killed from afar by a deep elf mage (26 damage)
             ... with a bolt of lightning
             ... on level 13 of the Dungeon.
             The game lasted 00:31:00 (5299 turns).

4thArraOfDagon the Nimble (Merfolk Artificer)       Turns: 5299, Time: 00:31:01

Health: -15/80     AC: 15    Str: 19    XL:     11   Next: 9%
Magic:  5/16       EV: 20    Int: 13    God:    Yredelemnul [**....]
Gold:   358        SH:  0    Dex: 19    Spells: 1 memorised, 8 levels left

rFire  . . .     SeeInvis .     j - +2 falchion (elec)
rCold  . . .     Gourm    .     V - +5 chain mail of the Good {Str+7 Dex-2}
rNeg   . . .     Faith    .     (no shield)
rPois  +         Spirit   .     (helmet restricted)
rElec  .         Dismiss  .     h - +0 cloak
rCorr  .         Reflect  .     u - +0 pair of gloves
SustAt .         Harm     .     (no boots)
MR     .....     Clarity  +     (no amulet)
Stlth  ..........               (no ring)
                                B - ring of poison resistance

@: agile, very slightly contaminated, not resistant to hostile enchantments,
extremely unstealthy
A: change form in water, swift swim, horns 1, blink, clarity, frail 1, slow
regeneration 1, sturdy frame 1
a: Blink, Animate Remains, Recall Undead Slaves, Injury Mirror, Renounce
Religion


You were on level 13 of the Dungeon.
You worshipped Yredelemnul.
Yredelemnul was pleased with you.
You were very full.

You visited 1 branch of the dungeon, and saw 13 of its levels.
You also visited: Labyrinth.

You collected 358 gold pieces.

Inventory:

Hand Weapons
 a - a +1 short sword
 j - a +2 falchion of electrocution (weapon)
 J - a +2 scimitar
 M - a cursed +3 scimitar
Armour
 h - a +0 cloak (worn)
 u - a +0 pair of gloves (worn)
 V - the +5 chain mail of the Good (worn) {Str+7 Dex-2}
   (You found it on level 10 of the Dungeon)

   It affects your strength (+7).
   It affects your dexterity (-2).
 W - the +3 robe of Clouds {+Fly rElec}
   (You found it in a labyrinth)

   It insulates you from electricity.
   It lets you fly.
 X - a troll hide
Magical Staves
 i - an uncursed staff of earth {unknown}
Rods
 r - a +5 lightning rod (13/13)
   (You found it in a labyrinth)
 w - a +0 rod of the swarm (13/13)
   (You found it in a labyrinth)
Jewellery
 b - an uncursed ring of flight
 B - a ring of poison resistance (left hand)
 E - an uncursed amulet of harm
 K - an uncursed ring of teleportation
Wands
 c - a wand of flame (0/48)
 d - a wand of enslavement (8/24)
 e - a wand of random effects (8/48)
 q - a wand of draining (6/15)
 x - a wand of confusion (23/48)
 z - a wand of teleportation (1/9)
 A - a wand of magic darts (19/48)
 F - a wand of slowing (19/48)
 G - a wand of frost (32/48)
 L - a wand of paralysis (12/24)
 N - a wand of magic darts (30/48)
 P - a wand of paralysis (9/24)
 R - a wand of confusion (19/48)
 T - a wand of magic darts (20/48)
 Y - a wand of digging (7/24)
 Z - a wand of slowing (18/48)
Scrolls
 g - a scroll of enchant weapon
 t - 3 scrolls of immolation
 y - 2 scrolls of remove curse
Potions
 o - 2 potions of flight
 s - a potion of magic
 v - 2 potions of curing
 C - a potion of brilliance {unknown}
 D - a potion of lignification
 I - a potion of berserk rage {unknown}
 O - a potion of heal wounds
 U - 2 potions of ambrosia {unknown}
Books
 p - a book of the Sky

   Spells                             Type                      Level
   a - Summon Lightning Spire         Summoning/Air                4
   b - Airstrike                      Air                          4
   c - Silence                        Hexes/Air                    5
   d - Deflect Missiles               Charms/Air                   6
   e - Conjure Ball Lightning         Conjuration/Air              6
   f - Tornado                        Air                          9
 Q - a book of Clouds

   Spells                             Type                      Level
   a - Mephitic Cloud                 Conjuration/Poison/Air       3
   b - Conjure Flame                  Conjuration/Fire             3
   c - Poisonous Cloud                Conjuration/Poison/Air       6
   d - Freezing Cloud                 Conjuration/Ice/Air          6
   e - Ring of Flames                 Charms/Fire                  7
Miscellaneous
 m - a plain deck of destruction
 H - a stone of tremors
Comestibles
 f - 8 bread rations
 k - a meat ration
 l - 4 beef jerkies
 n - 17 fruits


   Skills:
 + Level 9.4 Fighting
 - Level 1.2(7.2) Short Blades
 * Level 10.2 Long Blades
 + Level 11.1 Dodging
 - Level 1.1 Stealth
 + Level 7.3 Invocations
 - Level 3.0 Evocations


You had 8 spell levels left.
You knew the following spells:

 Your Spells              Type           Power        Failure   Level  Hunger
a - Cure Poison           Pois           #.........   100%        2    ###....


Dungeon Overview and Level Annotations

Branches:
Dungeon (13/15)              Lair (0/8) D:9             Orc (0/2) D:12
 Temple: D:4-7       Vaults: D:13-14

Altars:
Dithmenos
Fedhas
Makhleb
Nemelex Xobeh
Qazlal
Sif Muna
Trog
Yredelemnul

Annotations:
D:4 nuthulu's ghost, novice GrFi
D:7 Joseph; Menkaure; yogakurto's ghost, novice HOCK
D:12 chonchonts's ghost, journeyman TrMo


Innate Abilities, Weirdness & Mutations

You revert to your normal form in water.
You are very nimble and swift while swimming.
You have a pair of small horns on your head.
You can translocate small distances at will.
You possess an exceptional clarity of mind.
You are frail (-10% HP).
You regenerate slowly when monsters are visible.
Your movements are slightly less encumbered by armour (ER -2).


Message History

You hit the vampire mosquito.
There is a sudden explosion of sparks!
The vampire mosquito is severely damaged.
The vampire mosquito completely misses you.
You slash the vampire mosquito!
You destroy the vampire mosquito!
Things that are here:
a vampire mosquito corpse x2
You slash the deep elf mage!
There is a sudden explosion of sparks!
The deep elf mage is heavily wounded.
The deep elf mage gestures at you while chanting.
The bolt of lightning misses you. The bolt of lightning hits you!
You closely miss the deep elf mage.
You headbutt the deep elf mage, but do no damage.
The deep elf mage is heavily wounded.
The deep elf mage gestures at you while chanting.
The bolt of lightning hits you!
* * * LOW HITPOINT WARNING * * *
The bolt of lightning hits you!
You die...
Your body rises from the dead as a mindless zombie.

#################
#................
#.#.<#..#........
#........y§......
#....####'######
#....#....e@..#
#....########+#
#..e.# #.##.# #.
..# # ..


You could see a deep elf mage.

Vanquished Creatures
  A minotaur (Lab)
  An ugly thing (D:11)
  A centaur skeleton (D:11)
  A komodo dragon (D:11)
  2 trolls (D:11)
  Grinder (D:4)
  A two-headed ogre (D:10)
  A wyvern (D:11)
  A yak (D:9)
  A hippogriff (D:8)
  3 vampire mosquitoes (D:13)
  An orc warrior (D:11)
  An ogre (D:4)
  3 phantoms
  3 ice beasts
  2 sky beasts
  5 centaurs
  A big kobold (D:10)
  2 giant frogs
  A gnoll sergeant (D:8)
  A water moccasin zombie (D:5)
  2 scorpions (D:9)
  21 wights
  2 centaur zombies (D:11)
  4 crimson imps
  8 hounds
  2 jellies
  3 orc priests
  A giant frog skeleton (D:8)
  An iguana (D:11)
  5 orc wizards
  6 worker ants
  4 gnolls (D:8)
  5 adders
  5 shadow imps
  2 oozes
  3 adder skeletons
  A worm (D:5)
  6 giant geckos
  23 orcs
  2 giant cockroaches
  2 goblins (D:1)
  2 hobgoblins
  9 jackals
  4 quokkas
  5 bats
  A giant gecko zombie (D:6)
  A giant newt (D:3)
  A jackal zombie (D:6)
  A kobold (D:1)
  A quokka skeleton (D:4)
  5 rats
172 creatures vanquished.

Vanquished Creatures (collateral kills)
  A giant frog (D:4)
  A quokka (D:5)
  A giant newt (D:4)
3 creatures vanquished.

Vanquished Creatures (others)
  A giant frog (D:7)
  An orc wizard (D:4)
  A worker ant (D:7)
  A gnoll (D:7)
  An adder (D:7)
  An ooze (D:7)
  An orc (D:4)
7 creatures vanquished.

Grand Total: 182 creatures vanquished

Notes
Turn   | Place    | Note
--------------------------------------------------------------
     0 | D:1      | 4thArraOfDagon the Merfolk Artificer began the quest for the Orb.
     0 | D:1      | Reached XP level 1. HP: 15/15 MP: 3/3
     0 | D:1      | Carry the black torch!
   109 | D:1      | Reached XP level 2. HP: 12/22 MP: 4/4
   246 | D:4      | Noticed Grinder
   263 | D:4      | Reached skill level 4 in Dodging
   263 | D:4      | Reached XP level 3. HP: 12/28 MP: 5/5
   271 | D:5      | Entered Level 5 of the Dungeon
   271 | D:5      | Found a basalt altar of Yredelemnul.
   271 | D:5      | Noticed a centaur
   276 | D:5      | HP: 1/28 [centaur/arrow (1)]
   282 | D:5      | Found a burning altar of Makhleb.
   283 | D:5      | Found a deep blue altar of Sif Muna.
   283 | D:5      | Found a bloodstained altar of Trog.
   284 | D:5      | Found a sparkling altar of Nemelex Xobeh.
   284 | D:5      | Found a stormy altar of Qazlal.
   285 | D:5      | Found a blossoming altar of Fedhas.
   287 | D:5      | Became a worshipper of Yredelemnul the Dark
   527 | D:4      | Noticed an ogre
   532 | D:4      | Killed an ogre
   532 | D:4      | Reached skill level 5 in Dodging
   532 | D:4      | Reached XP level 4. HP: 33/37 MP: 6/6
   532 | D:4      | Reached XP level 5. HP: 37/42 MP: 7/7
   728 | D:6      | 4thArraOfDagon: added?
   750 | D:6      | Turgon: :-)
   752 | D:6      | Turgon: yes
   757 | D:6      | 4thArraOfDagon: :)
   828 | D:6      | Found a shadowy altar of Dithmenos.
   833 | D:6      | Noticed a sky beast
   906 | D:5      | Reached XP level 6. HP: 42/49 MP: 8/8
  1010 | D:4      | Turgon: My words were especially important!
  1012 | D:4      | Turgon:
  4327 | Depths:2 | Turgon: hey, go up
  4329 | Depths:1 | Turgon: that's too deep for you
  4333 | Depths:1 | Noticed an ettin
  4334 | Depths:1 | Demolished by an ettin
  1013 | D:4      | Paralysed by Grinder for 3 turns
  1032 | D:4      | Killed Grinder
  1032 | D:4      | Reached skill level 5 in Fighting
  1032 | D:4      | Reached skill level 6 in Dodging
  1032 | D:4      | Reached XP level 7. HP: 28/56 MP: 9/9
  1115 | D:4      | Reached skill level 7 in Dodging
  1140 | D:4      | 4thArraOfDagon: hahah
  1140 | D:4      | 4thArraOfDagon: rotfl!
  1718 | D:1      | Reached * piety under Yredelemnul
  1824 | D:2      | You fall through a shaft!
  1921 | D:3      | Reached skill level 1 in Long Blades
  1955 | D:4      | Noticed nuthulu's ghost (novice GrFi)
  2119 | D:5      | Reached skill level 1 in Invocations
  2134 | D:5      | Reached XP level 8. HP: 52/65 MP: 10/10
  2161 | D:5      | Reached skill level 8 in Dodging
  2723 | D:7      | Noticed Joseph
  2744 | D:7      | Noticed yogakurto's ghost (novice HOCK)
  2889 | D:8      | Reached skill level 5 in Long Blades
  2994 | D:8      | Reached XP level 9. HP: 53/72 MP: 11/11
  3223 | D:7      | Noticed Menkaure
  3256 | D:8      | Reached ** piety under Yredelemnul
  3278 | D:8      | Reached skill level 9 in Dodging
  3554 | D:9      | Reached skill level 5 in Invocations
  3636 | D:10     | Entered Level 10 of the Dungeon
  3677 | D:10     | Gained mutation: You are frail (-10% HP). [mutagenic meat]
  3678 | D:10     | Gained mutation: You have a pair of small horns on your head. [mutagenic meat]
  3679 | D:10     | Gained mutation: You regenerate slowly when monsters are visible. [mutagenic meat]
  3680 | D:10     | Gained mutation: Your magical capacity is low (-10% MP). [mutagenic meat]
  3681 | D:10     | Gained mutation: Your movements are slightly less encumbered by armour (ER -2). [mutagenic meat]
  3686 | D:10     | Gained mutation: You can translocate small distances at will. [potion of mutation]
  3686 | D:10     | Lost mutation: Your magical capacity is low (-10% MP). [potion of mutation]
  3717 | D:10     | Noticed a two-headed ogre
  3728 | D:10     | Killed a two-headed ogre
  3955 | D:9      | Reached XP level 10. HP: 45/72 MP: 14/14
  4005 | D:9      | Found a staircase to the Lair.
  4005 | D:9      | Noticed an elephant
  4057 | D:10     | Reached skill level 10 in Dodging
  4066 | D:10     | Got a heavily runed chain mail
  4077 | D:10     | Identified the +5 chain mail of the Good {Str+7 Dex-2} (You found it on level 10 of the Dungeon)
  4214 | D:11     | Noticed a white ugly thing
  4228 | D:11     | Killed a white ugly thing
  4250 | D:11     | Gained mutation: You evolve. [mutagenic meat]
  4591 | D:11     | Learned a level 2 spell: Cure Poison
  4645 | D:12     | Noticed chonchonts's ghost (journeyman TrMo)
  4659 | D:12     | Found a labyrinth entrance.
  4670 | Lab      | Entered a labyrinth
  4737 | Lab      | Gained mutation: You possess an exceptional clarity of mind. [evolution]
  4737 | Lab      | Lost mutation: You evolve. [end of evolution]
  5142 | Lab      | Noticed a minotaur
  5238 | Lab      | Killed a minotaur
  5238 | Lab      | Reached skill level 10 in Long Blades
  5238 | Lab      | Reached skill level 11 in Dodging
  5238 | Lab      | Reached XP level 11. HP: 80/80 MP: 16/16
  5278 | D:13     | Noticed a deep elf mage
  5299 | D:13     | Killed from afar by a deep elf mage

Vault maps used:
D:1:      minmay_arrival_stone_box
D:2:      kennysheep_another_room, uniq_natasha, uniq_crazy_yiuf_cottage
D:3:      kennysheep_generic_room_11, uniq_terence
D:4:      first_bread, corexii_leaking_fountain, st_stairs_7,
          kennysheep_big_empty_room, hex_large, uniq_grinder
D:5:      grunt_temple_overflow_open
D:6:      kennysheep_mini_moat
D:7:      xom_confusion_cloud, uniq_joseph, uniq_menkaure
D:9:      david_lair_generic, serial_shops, shop_fountains
D:10:     blue_anna_alchemist
D:12:     zombieorc2_lemuel, serial_ice, serial_ice_b, serial_ice_a,
          serial_ice_j, serial_ice_e, portal_ice_cave_entry_ice_beasts,
          lab_entry_generic, serial_shops, shop, hangedman_abyss_or_decor_stabs,
          uniq_urug, uniq_frances
Lab:      labyrinth_mini_lab, nicolae_lab_statue, labyrinth_skeletal_remains,
          nicolae_lab_diamond, nicolae_lab_stuck, nicolae_lab_hexagon

Action                   |  1- 3 |  4- 6 |  7- 9 | 10-12 || total
-------------------------+-------+-------+-------+-------++-------
Melee: Short sword       |    52 |    79 |    49 |       ||   180
       Falchion          |       |       |   457 |   154 ||   611
Evoke: Wand              |    16 |     9 |     8 |    11 ||    44
  Use: Scroll            |     1 |       |     7 |     9 ||    17
       Potion            |       |     4 |     2 |     4 ||    10
 Stab: Sleeping          |     4 |       |       |       ||     4
       Paralysed         |       |       |     7 |    19 ||    26
  Eat: Chunk             |       |     1 |    17 |     5 ||    23
       Fruit             |       |       |       |     9 ||     9
